 Dungeon Sprint DCSS version 0.27.1-33-g824d729ab1 (webtiles) character file.

Game seed: 15191612175169767827

971 manyhoops the Blocker (level 8, -7/72 HPs)
             Began as a Formicid Fighter on Nov 27, 2021.
             Was a High Priest of Uskayaw.
             Mangled by a sun demon (13 damage)
             ... summoned by a kobold demonologist
             ... in the Dungeon (Sprint I: "Red Sonja").
             The game lasted 00:01:42 (731 turns).

manyhoops the Blocker (Formicid Fighter)             Turns: 731, Time: 00:01:43

Health: -7/72      AC:  8    Str: 24    XL:     8   Next: 39%
Magic:  8/8        EV: 10    Int:  7    God:    Uskayaw [*****.]
Gold:   351        SH: 12    Dex: 10    Spells: 7/7 levels left

rFire    . . .     SeeInvis +   a - +0 flail
rCold    . . .     Faith    .   c - +0 kite shield
rNeg     . . .     Spirit   .   b - +0 scale mail
rPois    .         Reflect  .   (helmet unavailable)
rElec    .         Harm     .   (no cloak)
rCorr    .         Rampage  .   (no gloves)
Will     .....                  (no boots)
Stlth    ..........             (no amulet)
HPRegen  0.22/turn              (no ring)
MPRegen  0.11/turn              (no ring)

@: no status effects
A: permanent stasis, dig shafts and tunnels, antennae 3, four strong arms
a: Dig, Renounce Religion, Stomp, Line Pass, Grand Finale


You were in the Dungeon.
You worshipped Uskayaw.
Uskayaw was noncommittal.
You visited 1 branch You collected 351 gold pieces.

Inventory:

Hand Weapons
 a - a +0 flail (weapon)
Armour
 b - a +0 scale mail (worn)
 c - a +0 kite shield (worn)
Wands
 d - a wand of polymorph (5)
Potions
 f - 3 potions of lignification {unknown}
 g - 2 potions of magic


   Skills:
 + Level 10.0 Fighting
 - Level 9.4 Maces & Flails
 + Level 10.1 Armour
 - Level 10.5 Shields


You had 7 spell levels left.
You didn't know any spells.
Your spell library was empty.

Dungeon Overview and Level Annotations

Branches:
Dungeon (1/1)

Altars:
Cheibriados
Dithmenos
Elyvilon
Fedhas
Gozag
Hepliaklqana
Kikubaaqudgha
Makhleb
Nemelex Xobeh
Okawaru
Qazlal
Ru
Sif Muna
Trog
Uskayaw
Vehumet
Wu Jian
Xom
Yredelemnul
Zin
The Shining One
Jiyva
Lugonu

Shops:
D :


Innate Abilities, Weirdness & Mutations

You cannot be hasted, slowed, berserked, paralysed or teleported.
You can dig through walls and to a lower floor.
You have a pair of large antennae on your head. (SInv)
Your four strong arms can wield two-handed weapons with a shield.


Message History

You block the sun demon's attack.
Your Fighting skill gained 2 levels and is now at level 10!
Your Armour skill gained 2 levels and is now at level 10!
You have reached level 8!
You feel stronger.
You closely miss the kobold demonologist.
The kobold demonologist is lightly wounded.
The sun demon hits you!
You are engulfed in flames!!
* * * LOW HITPOINT WARNING * * *
The crimson imp blinks!
The kobold demonologist completely misses you.
You block the sun demon's attack.
You sock the kobold demonologist!
The kobold demonologist is moderately wounded.
The crimson imp hits you.
* * * LOW HITPOINT WARNING * * *
You block the kobold demonologist's attack.
The sun demon hits you but does no damage.
You can now merge with and destroy a victim.
You are too injured to fight recklessly!
You hit the kobold demonologist.
The kobold demonologist is moderately wounded.
The crimson imp misses you.
The kobold demonologist casts a spell.
You block the sun demon's attack.
Unknown command.
You are too injured to fight recklessly!
Okay, then.
Okay, then.
You closely miss the kobold demonologist.
The kobold demonologist is moderately wounded.
The crimson imp blinks!
The sun demon closely misses you.
The kobold demonologist hits you with a +0 dagger.
* * * LOW HITPOINT WARNING * * *
Unknown command.
Okay, then.
You feel better. The sun demon hits you!
* * * LOW HITPOINT WARNING * * *
You are engulfed in flames!
You die...

#####################
.)..#..)..#__#.§@K55#
.#..'..#..'..'..#35.#
###+#####'#__####.3.+{{
## #...#.#### ####{{
_####..##(# {
____##'#_.+ {
.∩...'..._# {
..__##_.#+# ____###+#


You could see a sun demon (summoned), a kobold demonologist, a sixfirhy
(summoned), a quasit (summoned) and 2 crimson imps.

Vanquished Creatures
  A kobold demonologist (D)
  A slime creature (D)
  Sigmund (D)
  A yak (D)
  A floating eye (D)
  An ogre (D)
  A jelly (D)
  Ijyb (D)
8 creatures vanquished.

Notes
Turn   | Place    | Note
-------+----------+-------------------------------------------
     0 | D        | manyhoops the Formicid Fighter began the quest for the Orb.
     0 | D        | Reached XP level 1. HP: 18/18 MP: 1/1
     1 | D        | Noticed Ijyb
    10 | D        | Killed Ijyb
    11 | D        | Reached XP level 2. HP: 19/24 MP: 2/2
    11 | D        | Reached XP level 3. HP: 23/29 MP: 3/3
    14 | D        | Noticed an ogre
    19 | D        | Killed an ogre
    20 | D        | Reached XP level 4. HP: 10/35 MP: 4/4
    20 | D        | Reached XP level 5. HP: 12/41 MP: 5/5
   242 | D        | Noticed Sigmund
   287 | D        | Found an ornate altar of the Wu Jian Council.
   287 | D        | Found a shimmering blue altar of Sif Muna.
   291 | D        | Found a burning altar of Makhleb.
   291 | D        | Found a viscous altar of Jiyva.
   291 | D        | Found a shimmering altar of Xom.
   291 | D        | Found a corrupted altar of Lugonu.
   291 | D        | Noticed a slime creature
   302 | D        | Killed Sigmund
   303 | D        | Reached skill level 10 in Shields
   303 | D        | Reached XP level 6. HP: 23/47 MP: 6/6
   468 | D        | Found a radiant altar of Vehumet.
   482 | D        | Found Mayre's Book Emporium.
   482 | D        | Found an ancient bone altar of Kikubaaqudgha.
   482 | D        | Found a hazy altar of Hepliaklqana.
   482 | D        | Found a stormy altar of Qazlal.
   482 | D        | Found a hide-covered altar of Uskayaw.
   482 | D        | Found a blossoming altar of Fedhas.
   482 | D        | Found a bloodstained altar of Trog.
   482 | D        | Found an iron altar of Okawaru.
   482 | D        | Found a basalt altar of Yredelemnul.
   482 | D        | Found a glowing golden altar of the Shining One.
   482 | D        | Found a snail-covered altar of Cheibriados.
   482 | D        | Found a sacrificial altar of Ru.
   482 | D        | Found a glowing silver altar of Zin.
   482 | D        | Found a shadowy altar of Dithmenos.
   482 | D        | Found a white marble altar of Elyvilon.
   482 | D        | Noticed a yak
   493 | D        | Killed a yak
   494 | D        | Reached XP level 7. HP: 44/59 MP: 7/7
   494 | D        | Found an opulent altar of Gozag.
   495 | D        | Found a sparkling altar of Nemelex Xobeh.
   578 | D        | Became a worshipper of Uskayaw the Reveller
   607 | D        | Reached * piety under Uskayaw
   613 | D        | Reached ** piety under Uskayaw
   614 | D        | Killed a slime creature
   711 | D        | Noticed a kobold demonologist
   712 | D        | Noticed a kobold demonologist
   718 | D        | Noticed a sun demon
   719 | D        | Reached *** piety under Uskayaw
   723 | D        | Reached **** piety under Uskayaw
   726 | D        | Killed a kobold demonologist
   727 | D        | Reached skill level 10 in Fighting
   727 | D        | Reached skill level 10 in Armour
   727 | D        | Reached XP level 8. HP: 54/72 MP: 8/8
   728 | D        | Reached ***** piety under Uskayaw
   730 | D        | Noticed a sixfirhy
   731 | D        | Mangled by a sun demon

Illustrated notes

Levels and vault maps discovered:
D:        dungeon_sprint_1 [red_sonja_temple_1, red_sonja_temple_small_1]

Skill      XL: |  1  2  3  4  5  6  7 |
---------------+----------------------+-----
Maces & Flails | 6 9 |  9.4
Shields        | 10 | 10.5
Fighting       | 6 10 | 10.0
Armour         | 6 10 | 10.1

Action                   |  1- 3 |  4- 6 |  7- 9 || total
-------------------------+-------+-------+-------++-------
Melee: Flail             |    12 |    22 |    26 ||    60
Invok: Stomp             |       |       |     1 ||     1
  Use: Potion            |     1 |     1 |     1 ||     3
 Stab: Paralysed         |       |       |     2 ||     2
Armor: Scale mail        |     2 |     1 |     6 ||     9
Dodge: Dodged            |     3 |     7 |     8 ||    18
Block: Kite shield       |     5 |     5 |    10 ||    20
